 Dungeon Crawl Stone Soup version 0.19-a0-1821-g42c593c (webtiles) character file.

93 4thArraOfDagon the Slasher (level 4, -1/35 HPs)
             Began as a Vampire Monk on Oct 6, 2016.
             Slain by a bullfrog (6 damage)
             ... on level 7 of the Dungeon.
             The game lasted 00:04:04 (522 turns).

4thArraOfDagon the Slasher (Vampire Monk)            Turns: 522, Time: 00:04:05

Health: -1/35      AC:  5    Str: 10    XL:     4   Next: 36%
Magic:  4/4        EV: 12    Int: 13    God:
Gold:   20         SH:  0    Dex: 16    Spells: 0 memorised, 3 levels left

rFire  . . .     SeeInvis +     a - +0 falchion
rCold  . . .     Gourm    .     c - +0 ring mail
rNeg   . . .     Faith    .     (no shield)
rPois  .         Spirit   .     (no helmet)
rElec  .         Dismiss  .     (no cloak)
rCorr  .         Reflect  .     (no gloves)
MR     .....     Harm     .     (no boots)
Stlth  ++........               (no amulet)
                                (no ring)
                                (no ring)

@: regenerating quickly
A: fangs 3, see invisible, unbreathing
a: no special abilities


You were on level 7 of the Dungeon.
You were full.

You visited 1 branch of the dungeon, and saw 7 of its levels.

You collected 20 gold pieces.

Inventory:

Hand Weapons
 a - a +0 falchion (weapon)
Armour
 b - a +0 robe
 c - a +0 ring mail (worn)
 f - a +1 shield of cold resistance
Wands
 d - a wand of lightning (4/15)
Scrolls
 e - a scroll of blinking {unknown}
Potions
 g - a potion of agility {unknown}


   Skills:
 + Level 3.3 Fighting
 * Level 4.3 Long Blades
 + Level 3.8 Dodging
 - Level 3.0 Stealth


You had 3 spell levels left.
You didn't know any spells.

Dungeon Overview and Level Annotations

Branches:
Dungeon (7/15)
 Temple: D:4-7

Altars:
Gozag
Xom
The Shining One

Annotations:
D:6 exclusion: centaur


Innate Abilities, Weirdness & Mutations

Your natural rate of healing is unusually fast.
You have razor-sharp teeth.
You have supernaturally acute eyesight. (SInv)
You can survive without breathing.


Message History

The bullfrog is severely wounded.
The bullfrog hits you.
The howler monkey hoots and howls with incredible vigour!
The bullfrog hits you.
Unknown command.
You hit the bullfrog.
The bullfrog is almost dead.
The bullfrog hits you but does no damage.
The bullfrog hits you.
You closely miss the bullfrog.
The bullfrog is almost dead.
The howler monkey hoots and howls with incredible vigour!
The bullfrog barely misses you.
You hear a shout! x2
You barely miss the bullfrog.
The bullfrog is almost dead.
The bullfrog hits you!
* * * LOW HITPOINT WARNING * * *
The bullfrog hits you.
You die...

#.#.# . #.... ..
#...# ######### ...
#...######........
.... #...#...##.#
.....##.##.#.##@#
.h...h...h....#F#
..###.......#h#
#....l......h######
#.#####...........#
# ..........####.#
....#.#....#.##.#
.......#....#....#
..######....#.####


You could see a bullfrog and 2 howler monkeys.

Vanquished Creatures
  A howler monkey (D:7)
  A worker ant (D:5)
  An adder (D:5)
  A shadow imp (D:5)
  2 dart slugs
  4 jackals (D:2)
  A bat (D:3)
  A kobold (D:3)
12 creatures vanquished.

Notes
Turn   | Place    | Note
-------+----------+-------------------------------------------
     0 | D:1      | 4thArraOfDagon the Vampire Monk began the quest for the Orb.
     0 | D:1      | Reached XP level 1. HP: 17/17 MP: 1/1
    27 | D:2      | Reached XP level 2. HP: 7/23 MP: 2/2
   130 | D:3      | Turgon: Hi - what do you think: how is it possible to speedrun a high elf?
   153 | D:4      | 4thArraOfDagon: speedrun a high elf?
   153 | D:4      | 4thArraOfDagon: what do you mean
   178 | D:4      | Turgon: how would you proceed?
   178 | D:4      | 4thArraOfDagon: well
   178 | D:4      | Turgon: which class?
   178 | D:4      | Turgon: they are so weak!
   178 | D:4      | 4thArraOfDagon: the path would quite obvious
   178 | D:4      | 4thArraOfDagon: hefe would be probably ultimate combo for that
   178 | D:4      | 4thArraOfDagon: hefe of sif
   178 | D:4      | 4thArraOfDagon: or hemo of chei
   178 | D:4      | Turgon: You probably mean HEFE of new Sif
   178 | D:4      | 4thArraOfDagon: yes
   178 | D:4      | 4thArraOfDagon: hefe of new sif
   200 | D:4      | Turgon: Mhmm, I'm still with 0.17
   206 | D:4      | Turgon: I don't like changes in 0.18
   206 | D:4      | 4thArraOfDagon: oh yeah
   206 | D:4      | Turgon: And HEMos don't reach the temple
   206 | D:4      | 4thArraOfDagon: well you would have to move to new version sooner or later
   218 | D:5      | Entered Level 5 of the Dungeon
   225 | D:5      | Reached XP level 3. HP: 24/29 MP: 3/3
   242 | D:5      | Turgon: Ash nerf in 0.18 is horrible
   281 | D:5      | Found an opulent altar of Gozag.
   282 | D:5      | Found a glowing golden altar of the Shining One.
   310 | D:5      | Reached skill level 4 in Long Blades
   352 | D:6      | Found a shimmering altar of Xom.
   376 | D:6      | 4thArraOfDagon: with scrolls?
   391 | D:6      | Turgon: yes
   429 | D:6      | Noticed a black bear
   458 | D:6      | Noticed a centaur
   492 | D:7      | Noticed a bullfrog
   510 | D:7      | Reached XP level 4. HP: 26/35 MP: 4/4
   522 | D:7      | Slain by a bullfrog

Vault maps used:
D:1:      dpeg_arrival_caged_fury, tso_metal_star
D:3:      lemuel_doored_altar, first_bread, serial_corexii_hall,
          corexii_hall_statues_l, corexii_hall_statues_l,
          corexii_hall_statues_l, corexii_hall_statues_l, tgw_kikubaaqudgha,
          uniq_terence, uniq_natasha, uniq_iyjb
D:4:      yredelemnul_altar_generic, okawaru_ov_weapons_minmay, serial_shops,
          shop, nemelex_diamond_rough_becter, uniq_pikel, uniq_duvessa
D:5:      minitemple
D:6:      nrook_mini_backslash, xom_teletrap_fun, uniq_sigmund
D:7:      serial_shops, shop, kennysheep_flooded_box

Skill      XL: |  1  2  3 |
---------------+----------+-----
Fighting       | 3 |  3.3
Long Blades    | 4 |  4.3
Dodging        | |  3.8
Stealth        | |  3.0

Action                   |  1- 3 |  4- 6 || total
-------------------------+-------+-------++-------
Melee: Falchion          |    52 |     9 ||    61
       Bite              |     6 |       ||     6
  Use: Potion            |     2 |       ||     2
  Eat: Corpse            |     2 |     1 ||     3
Armor: Robe              |     4 |       ||     4
       Ring mail         |    15 |     2 ||    17
Dodge: Dodged            |    44 |     7 ||    51
       Rpst.: Falchion   |    12 |     1 ||    13
